 Dungeon Crawl Stone Soup version 0.30.1-11-g7821555f0a (webtiles) character file.

Game seed: 10199470652041568675

100 lonewolfV2 the Trooper (level 5, -2/43 HPs)
             Began as a Formicid Fighter on Nov 17, 2023.
             Slain by a polar bear (21 damage)
             ... created by the rage of Trog
             ... on level 3 of the Dungeon.
             The game lasted 00:02:43 (1647 turns).

lonewolfV2 the Trooper (Formicid Fighter)           Turns: 1647, Time: 00:02:44

Health: -2/43      AC: 15    Str: 20    XL:     5   Next: 3%
Magic:  5/5        EV:  5    Int:  8    God:
Gold:   51         SH:  5    Dex: 15    Spells: 4/4 levels left

rFire   . . .        a - +0 war axe
rCold   . . .        c - +0 buckler
rNeg    . . .        e - +1 plate armour
rPois   .            (helmet unavailable)
rElec   .            (no cloak)
rCorr   .            j - +2 pair of gloves
SInv    +            (no boots)
Will    .....        (no amulet) Stlth
                     (no ring)
HPRegen 0.27/turn    (no ring)
MPRegen 0.09/turn

%: no passive effects
@: no status effects
A: permanent stasis, dig shafts and tunnels, antennae 3, four strong arms
a: Dig, Shaft Self


You were on level 3 of the Dungeon.
You visited 1 branch of the dungeon, and saw 3 of its levels.

You collected 51 gold pieces.

Inventory:

Hand Weapons
 a - a +0 war axe (weapon)
Armour
 c - a +0 buckler (worn)
 e - a +1 plate armour (worn)
 j - a +2 pair of gloves (worn)
Scrolls
 f - a scroll of magic mapping
 i - a scroll of blinking
Potions
 d - 2 potions of might
 h - a potion of curing
 k - a potion of brilliance


   Skills:
 + Level 4.7 Fighting
 + Level 3.6 Axes
 - Level 3.2 Armour
 - Level 4.0 Shields


You had 4 spell levels left.
You didn't know any spells.
Your spell library contained the following spells:

 Spells                   Type           Power      Damage    Failure   Level
 Summon Guardian Golem    Hex/Summ       0%         N/A       100%        3
 Orb of Destruction       Conj           0%         9d5       100%        7
 Spellforged Servitor     Conj/Summ      0%         N/A       100%        7


Dungeon Overview and Level Annotations

Branches:
Dungeon (3/15)

Altars:
Trog

Annotations:
D:3 Natasha


Innate Abilities, Weirdness & Mutations

You cannot be hasted, slowed, berserked, paralysed or teleported.
You can dig through walls and to a lower floor.
You have a pair of large antennae on your head. (SInv)
Your four strong arms can wield two-handed weapons with a shield.


Message History

You resist with some effort.
Natasha casts a spell.
Natasha claws you but does no damage.
The cerulean imp hits you but does no damage.
You hit Natasha.
Natasha is moderately wounded.
Natasha claws you but does no damage.
The cerulean imp hits you but does no damage.
Natasha claws you but does no damage.
Trog sends monsters to punish you. 2 black bears and 4 polar bears come into view.
You completely miss Natasha.
Natasha is moderately wounded.
You slash the black bear! You block the cerulean imp's attack.
Natasha casts a spell.
You completely miss Natasha.
Natasha is moderately wounded.
You slash the black bear!
The cerulean imp hits you but does no damage.
The black bear bites you but does no damage.
The black bear claws you but does no damage.
The black bear claws you.
The polar bear rages.
Natasha claws you but does no damage.
The polar bear bites you but does no damage.
You block the polar bear's attack. The polar bear claws you.
The black bear bites you but does no damage.
The black bear claws you but does no damage. x2
The cerulean imp barely misses you.
You barely miss Natasha.
Natasha is moderately wounded.
You hit the polar bear but do no damage.
You hit the polar bear. You closely miss the black bear.
The polar bear bites you!
The polar bear claws you but does no damage. x2
Natasha claws you but does no damage. The black bear bites you.
The black bear claws you but does no damage. x2
The cerulean imp hits you but does no damage.
The polar bear bites you!!
You die...

#.####
#......###
#.#
#.........
#.#
###.###.##
#.# #.# #<#
#.# #.# #.#
#.# #.# #.#
#.# ##.###
#.. #.hh@#
.## #..hhh# .
.....55hh...+
.
####.....####
#.##.## #.
#.# #. ..# #.
###


You could see 4 polar bears, 2 black bears, Natasha and 2 cerulean imps.

Vanquished Creatures
  Robin (D:2)
  4 adders (D:2)
  2 ball pythons
  An endoplasm (D:1)
  2 giant cockroaches
  7 hobgoblins
  3 jackals (D:1)
  2 quokkas (D:2)
  5 bats
  3 frilled lizards
  11 goblins
  2 kobolds
  8 rats
51 creatures vanquished.

Vanquished Creatures (others)
  A goblin (D:2)
1 creature vanquished.

Grand Total: 52 creatures vanquished

Notes
Turn   | Place    | Note
-------+----------+-------------------------------------------
     0 | D:1      | lonewolfV2 the Formicid Fighter began the quest for the
                  | Orb.
     0 | D:1      | Reached XP level 1. HP: 18/18 MP: 1/1
   206 | D:1      | Reached XP level 2. HP: 21/24 MP: 2/2
   276 | D:1      | Found a faded altar of an unknown god.
   615 | D:1      | Prayed at the altar of an unknown god.
   615 | D:1      | Became a worshipper of Trog the Wrathful
   615 | D:1      | Reached * piety under Trog
   616 | D:1      | Fell from the grace of Trog
   667 | D:2      | Identified the +3 leather armour of the Eight Boll Weevils
                  | {rElec rF+}
   678 | D:2      | Reached XP level 3. HP: 28/30 MP: 3/3
   932 | D:2      | Noticed Robin
   938 | D:2      | Reached XP level 4. HP: 24/37 MP: 4/4
   969 | D:2      | Killed Robin
  1344 | D:2      | Reached XP level 5. HP: 43/43 MP: 5/5
  1639 | D:3      | Noticed Natasha
  1645 | D:3      | Noticed a polar bear
  1645 | D:3      | Noticed a polar bear
  1645 | D:3      | Noticed a polar bear
  1645 | D:3      | Noticed a black bear
  1645 | D:3      | Noticed a black bear
  1645 | D:3      | Noticed a polar bear
  1647 | D:3      | Slain by a polar bear

Illustrated notes

Levels and vault maps discovered:
D:1:      co_arrival_square_in_a_square_in_a_square, layout_rooms,
          nicolae_ecumenical_lake_church, minivault_11
D:2:      layout_loops_ring, nicolae_half_adder, uniq_robin
D:3:      layout_loops_corners, gup_sewer_entry_spiral, uniq_natasha,
          uniq_sigmund

Skill      XL: |  1  2  3 |
---------------+----------+-----
Fighting       | 4 |  4.7
Axes           | 3 |  3.6
Armour         | |  3.2
Shields        | |  4.0

Action                     |  1- 3 |  4- 6 || total
---------------------------+-------+-------++-------
  Melee: War axe           |    81 |    44 ||   125
 Invoke: Renounce Religion |     1 |       ||     1
    Use: Scroll            |     4 |     3 ||     7
 Armour: Plate armour      |    82 |    53 ||   135
  Dodge: Dodged            |    30 |    20 ||    50
  Block: Buckler           |    36 |    15 ||    51
